Map: King Sejong Station LE

Players

Zeal - Winner!

  • Race: Protoss Protoss
  • League: Grandmaster

TheoRy

  • Race: Protoss Protoss
  • League: Master

Event: Clash of the Clanless

VOD

Have the link to the VOD?

Description

Time

  • Played on: Aug. 20, 2016, 4:36 p.m.
  • Length: 8:47

All games in this series

Show
View Real Time Build Order
Export as new Build Order

Zeal Protoss - Winner!

Build Orders:  

Get SALT Encoding   

  12  0:01  Probe (Chrono Boost)  
  13  0:11  Probe (Chrono Boost)  
  14  0:17  Pylon  
  14  0:22  Probe (Chrono Boost)  
  15  0:35  Probe (Chrono Boost)  
  16  0:37  Gateway  
  16  0:41  Assimilator  
  16  0:46  Probe (Chrono Boost)  
  17  0:51  Assimilator  
  17  0:56  Probe (Chrono Boost)  
  18  1:07  Gateway  
  18  1:09  Probe (Chrono Boost)  
  19  1:20  Probe (Chrono Boost)  
  19  1:24  Cybernetics Core  
  20  1:30  Probe (Chrono Boost)  
  21  1:37  Pylon  
  21  1:41  Probe (Chrono Boost)  
  21  1:45  Warp Gate  
  22  1:51  Probe (Chrono Boost)  
  23  2:00  Stalker x2  
  29  2:11  Mothership Core (Chrono Boost)  
  29  2:15  Pylon  
  29  2:30  Stalker  
  29  2:33  Stalker  
  33  2:41  Pylon  
  33  2:59  Gateway  
  33  3:00  Stalker  
  33  3:04  Stalker  
  35  3:23  Probe (Chrono Boost)  
  32  3:40  Probe (Chrono Boost)  
  29  3:51  Stalker x2  
  29  3:55  Probe (Chrono Boost)  
  34  4:02  Stalker  
  34  4:05  Probe (Chrono Boost)  
  37  4:23  Probe (Chrono Boost)  
  38  4:25  Robotics Facility  
  38  4:33  Probe (Chrono Boost)  
  39  4:44  Probe (Chrono Boost)  
  40  4:49  Nexus  
  40  4:55  Pylon  
  40  5:00  Probe (Chrono Boost)  
  40  5:04  Sentry  
  43  5:10  Observer  
  43  5:12  Probe (Chrono Boost)  
  45  5:16  Sentry  
  47  5:24  Probe (Chrono Boost)  
  48  5:30  Immortal  
  52  5:37  Pylon  
  52  5:39  Probe (Chrono Boost)  
  53  5:52  Probe (Chrono Boost)  
  54  6:01  Probe (Chrono Boost)  
  54  6:03  Sentry  
  58  6:04  Probe (Chrono Boost)  
  60  6:11  Probe (Chrono Boost)  
  60  6:14  Sentry  
  60  6:18  Pylon  
  63  6:21  Observer  
  63  6:24  Probe (Chrono Boost)  
  64  6:26  Probe (Chrono Boost)  
  62  6:35  Probe (Chrono Boost)  
  62  6:37  Warp Prism  
  62  6:38  Probe (Chrono Boost)  
  66  6:48  Probe (Chrono Boost)  
  66  6:50  Probe (Chrono Boost), Adept x2  
  72  6:58  Probe (Chrono Boost), Adept  
  76  7:02  Probe (Chrono Boost)  
  76  7:10  Observer  
  76  7:12  Probe (Chrono Boost), Pylon  
  76  7:14  Probe (Chrono Boost)  
  79  7:23  Adept x3  
  79  7:27  Probe (Chrono Boost)  
  86  7:30  Probe (Chrono Boost)  
  86  7:32  Pylon, Assimilator  
  86  7:34  Pylon  
  86  7:36  Assimilator  
  87  7:39  Probe (Chrono Boost)  
  88  7:50  Adept x3  
  94  7:58  Twilight Council  
  94  8:13  Adept x3  
  96  8:30  Probe (Chrono Boost)  
  96  8:32  Probe (Chrono Boost)  
  96  8:34  Adept x3  
Show
View Real Time Build Order
Export as new Build Order

TheoRy Protoss 

Build Orders:  

Get SALT Encoding   

  12  0:01  Probe (Chrono Boost)  
  13  0:11  Probe (Chrono Boost)  
  14  0:17  Pylon  
  14  0:22  Probe (Chrono Boost)  
  15  0:36  Probe (Chrono Boost), Gateway  
  16  0:46  Probe (Chrono Boost)  
  17  0:55  Assimilator  
  18  0:57  Probe (Chrono Boost)  
  18  0:59  Assimilator  
  18  1:04  Gateway  
  18  1:08  Probe (Chrono Boost)  
  19  1:15  Pylon  
  20  1:18  Probe (Chrono Boost)  
  20  1:29  Cybernetics Core  
  20  1:30  Probe (Chrono Boost)  
  21  1:40  Probe (Chrono Boost)  
  21  1:43  Pylon  
  22  2:03  Adept, Warp Gate  
  22  2:05  Adept  
  22  2:08  Mothership Core (Chrono Boost)  
  28  2:27  Probe (Chrono Boost), Stalker  
  29  2:30  Stalker  
  33  2:39  Probe (Chrono Boost)  
  34  2:54  Nexus  
  34  2:57  Probe (Chrono Boost)  
  35  3:01  Sentry  
  37  3:09  Probe (Chrono Boost)  
  38  3:24  Probe (Chrono Boost)  
  38  3:25  Robotics Facility  
  34  3:36  Probe (Chrono Boost)  
  33  3:42  Pylon  
  33  3:43  Pylon  
  34  3:48  Probe (Chrono Boost)  
  34  3:54  Gateway  
  34  3:56  Twilight Council  
  34  4:10  Stalker  
  34  4:11  Sentry  
  37  4:18  Immortal  
  37  4:23  Probe (Chrono Boost)  
  42  4:33  Dark Shrine  
  42  4:50  Pylon  
  42  4:52  Warp Prism  
  42  4:54  Zealot  
  46  5:01  Zealot  
  48  5:23  Nexus  
  48  5:26  Observer  
  49  5:28  Probe (Chrono Boost)  
  50  5:41  Probe (Chrono Boost)  
  51  5:46  Pylon  
  51  5:52  Probe (Chrono Boost)  
  51  5:56  Dark Templar  
  54  5:59  Dark Templar  
  56  6:05  Probe (Chrono Boost)  
  57  6:16  Probe (Chrono Boost)  
  56  6:26  Probe (Chrono Boost)  
  57  6:37  Probe (Chrono Boost)  
  57  6:38  Gateway  
  58  6:40  Gateway  
  58  6:41  Probe (Chrono Boost)  
  58  6:42  Assimilator  
  59  6:47  Probe (Chrono Boost)  
  59  6:52  Probe (Chrono Boost), Assimilator  
  61  6:56  Charge  
  61  6:58  Probe (Chrono Boost)  
  62  7:03  Probe (Chrono Boost)  
  62  7:04  Zealot  
  62  7:05  Zealot  
  67  7:08  Probe (Chrono Boost)  
  67  7:13  Probe (Chrono Boost), Pylon  
  69  7:19  Probe (Chrono Boost)  
  66  7:26  Zealot x2  
  66  7:28  Zealot  
  72  7:44  Pylon  
  72  7:47  Zealot x4  
  80  7:54  Zealot  
  80  7:56  Pylon  
  80  8:08  Zealot x2  
  80  8:09  Zealot  
  80  8:12  Zealot  
  73  8:20  Zealot  
  73  8:22  Probe (Chrono Boost)  
  73  8:25  Probe (Chrono Boost)  
  72  8:29  Zealot x2  
  72  8:30  Zealot  
  69  8:36  Probe (Chrono Boost)  
Tags
 
Add a new tag
Caveats
  • Supply blocks, unpowered buildings, or Contaminate may cause inaccurate times.
  • Supply counts are checked every 10 seconds.